 Dungeon Crawl Stone Soup version 0.23.0 (webtiles) character file.

Game seed: 695338696072421856

2629 Dantiko the Zephyrmancer (level 9, -1/52 HPs)
             Began as a Tengu Air Elementalist on Feb 10, 2019.
             Was a Believer of Vehumet.
             Slain by an orc warrior
             ... wielding a +0 halberd
              (25 damage)
             ... in a bailey.
             The game lasted 00:36:46 (8307 turns).

Dantiko the Zephyrmancer (Tengu Air Elementalist)   Turns: 8307, Time: 00:36:47

Health: -1/52      AC:  3    Str:  9    XL:     9   Next: 61%
Magic:  4/16       EV: 20    Int: 18    God:    Vehumet [**....]
Gold:   468        SH:  0    Dex: 15    Spells: 10/16 levels left

rFire    . . .     SeeInvis .   b - +4 dagger
rCold    . . .     Gourm    +   (no shield)
rNeg     + . .     Faith    .   a - +0 robe
rPois    .         Spirit   .   (helmet restricted)
rElec    .         Reflect  .   G - +0 cloak
rCorr    .         Harm     .   (no gloves)
MR       .....                  (boots unavailable)
Stlth    +++.......             C - amulet of the gourmand
HPRegen  0.17/turn              B - ring of positive energy
MPRegen  0.15/turn              j - +2 ring of evasion

@: flying quickly and evasively, quick
A: beak, talons 3, able to fly
a: Stop Flying, Renounce Religion


You were in a bailey.
You worshipped Vehumet.
Vehumet was pleased with you.
You were completely stuffed.

You visited 2 branches of the dungeon, and saw 9 of its levels.
You also visited: Bailey.

You collected 630 gold pieces.
You spent 162 gold pieces at shops.

Inventory:

Hand Weapons
 b - a +4 dagger (weapon)
Missiles
 D - 2 throwing nets (quivered)
Armour
 a - a +0 robe (worn)
 u - a +0 buckler
 G - a +0 cloak (worn)
Magical Staves
 x - an uncursed staff of summoning
Jewellery
 j - a +2 ring of evasion (right hand)
 o - an uncursed amulet of the acrobat
 B - a ring of positive energy (left hand)
 C - an amulet of the gourmand (around neck)
Wands
 g - a wand of paralysis (8)
Scrolls
 e - a scroll of fear {unknown}
 h - 2 scrolls of fog
 l - 6 scrolls of teleportation
 m - 7 scrolls of remove curse
 n - a scroll of blinking {unknown}
 q - 4 scrolls of enchant armour {unknown}
 s - 7 scrolls of amnesia
 E - a scroll of enchant weapon
Potions
 d - a potion of lignification {unknown}
 f - 3 potions of agility
 i - 3 potions of curing
 k - 2 potions of might
 p - a potion of brilliance {unknown}
 r - a potion of invisibility {unknown}
 t - 2 potions of flight {unknown}
 v - a potion of haste {unknown}
 w - 3 potions of degeneration {unknown}
 z - 2 potions of heal wounds {unknown}
 A - 3 potions of magic {unknown}
 H - a potion of berserk rage {unknown}
Comestibles
 c - 7 rations


   Skills:
 - Level 4.0 Fighting
 - Level 5.1 Dodging
 - Level 5.0 Stealth
 - Level 4.2 Spellcasting
 + Level 9.2 Conjurations
 + Level 9.3 Air Magic


You had 10 spell levels left.
You knew the following spells:

 Your Spells              Type           Power        Failure   Level  Hunger
a - Shock                 Conj/Air       ####         1%          1    None
b - Swiftness             Chrm/Air       ###.....     3%          2    ##.....
c - Static Discharge      Conj/Air       #####...     1%          3    ###....

Your spell library contained the following spells:

 Spells                   Type           Power        Failure   Level  Hunger
 Throw Frost              Conj/Ice       ###...       3%          2    ##.....
 Airstrike                Air            #####.....   3%          4    ####...
 Lightning Bolt           Conj/Air       #####.....   9%          5    ######.
 Animate Skeleton         Necr           N/A          14%         1    None
 Pain                     Necr           #...         14%         1    None
 Regeneration             Chrm/Necr      #.........   41%         3    ###....
 Vampiric Draining        Necr           #.........   41%         3    ###....
 Animate Dead             Necr           N/A          82%         4    ####...


Dungeon Overview and Level Annotations

Branches:
Dungeon (8/15)             Temple (1/1) D:5
   Lair: D:8-11

Altars:
Ashenzari
Cheibriados
Dithmenos
Elyvilon
Fedhas
Gozag
Hepliaklqana
Kikubaaqudgha
Makhleb
Nemelex Xobeh
Okawaru
Qazlal
Ru
Sif Muna
Trog
Uskayaw
Vehumet
Wu Jian
Xom
Yredelemnul
Zin
The Shining One

Shops:
D:5 ?

Annotations:
D:8 Grum


Innate Abilities, Weirdness & Mutations

You have a beak for a mouth.
You have claws for feet.
You can fly continuously.


Message History

The zap misses the orc.
The orc warrior misses you.
Casting: Shock (safe; 1% risk of failure)
Confirm with . or Enter, or press ? or * to list all spells.
Aiming: Shock (safe; 1% risk of failure)
Press: ? - help, Shift-Dir - straight line, p - orc The zap hits the orc warrior.
The orc warrior is almost dead.
The zap hits the orc warrior.
The orc warrior is severely wounded.
The orc warrior barely misses you.
Casting: Shock (safe; 1% risk of failure)
Confirm with . or Enter, or press ? or * to list all spells.
Aiming: Shock (safe; 1% risk of failure)
Press: ? - help, Shift-Dir - straight line The zap misses the orc warrior.
The zap hits the orc warrior.
You kill the orc warrior!
Vehumet accepts your kill.
You feel your power returning.
The orc warrior hits you from afar with a +0 halberd!!
You die...

############
##.∩........##
#.......))...######
#....).).)...#...)#
#∩@.o...))...'..))'
#...o..)))...#....#
#............######
##.∩........##
############


You could see an orc warrior and an orc.

Vanquished Creatures
  2 orc warriors (Bailey)
  3 phantoms
  4 ogres
  A wolf (D:8)
  3 centaurs (D:6)
  3 big kobolds
  Blork the orc (D:4)
  A scorpion (D:4)
  4 wights (D:8)
  3 howler monkeys (D:7)
  2 crimson imps
  A bullfrog zombie (D:5)
  2 jellies
  3 orc priests
  A gnoll shaman (D:6)
  A hound (D:4)
  3 orc wizards
  A bullfrog skeleton (D:4)
  4 iguanas
  A worker ant (D:6)
  6 adders
  13 gnolls
  A shadow imp (D:7)
  An ooze (D:1)
  An adder zombie (D:6)
  An adder skeleton (D:7)
  3 worms
  4 dart slugs
  2 leopard geckos (D:1)
  32 orcs
  9 bats
  5 giant cockroaches
  6 goblins
  16 hobgoblins
  2 jackals (D:1)
  15 kobolds
  3 quokkas (D:3)
  4 ball pythons
  6 frilled lizards
  2 quokka skeletons
  7 rats
  A spectral orc (D:6)
  A plant (D:6)
185 creatures vanquished.

Vanquished Creatures (others)
  A plant (D:6)
1 creature vanquished.

Grand Total: 186 creatures vanquished

Notes
Turn   | Place    | Note
-------+----------+-------------------------------------------
     0 | D:1      | Dantiko the Tengu Air Elementalist began the quest for the
                  | Orb.
     0 | D:1      | Reached XP level 1. HP: 10/10 MP: 4/4
   163 | D:1      | Reached XP level 2. HP: 15/15 MP: 3/6
   478 | D:1      | Reached XP level 3. HP: 19/19 MP: 3/7
   482 | D:1      | Learned a level 2 spell: Swiftness
   486 | D:1      | Learned a level 3 spell: Static Discharge
   656 | D:1      | Reached skill level 5 in Air Magic
  1609 | D:2      | Reached XP level 4. HP: 24/24 MP: 5/8
  2081 | D:3      | Reached skill level 5 in Conjurations
  2109 | D:3      | Gained mutation: You can fly continuously. [Tengu growth]
  2109 | D:3      | Reached XP level 5. HP: 27/28 MP: 4/9
  3028 | D:3      | Found a white marble altar of Elyvilon.
  3214 | D:4      | Reached XP level 6. HP: 20/32 MP: 0/11
  3468 | D:4      | Noticed a phantom
  3484 | D:4      | Killed a phantom
  3590 | D:4      | Reached XP level 7. HP: 36/36 MP: 9/12
  3699 | D:4      | Reached skill level 1 in Fighting
  4083 | D:4      | Noticed Blork the orc
  4099 | D:4      | Killed Blork the orc
  4555 | D:5      | Entered Level 5 of the Dungeon
  4647 | D:5      | Found a staircase to the Ecumenical Temple.
  4653 | Temple   | Entered the Ecumenical Temple
  4723 | Temple   | Became a worshipper of Vehumet
  4848 | D:5      | Reached XP level 8. HP: 39/44 MP: 1/13
  4986 | D:5      | You are sucked into a shaft for 2 floors!
  5156 | D:5      | Found a shadowy altar of Dithmenos.
  5196 | D:5      | Found Fidachyci's Magic Scroll Shoppe.
  5203 | D:5      | Bought a scroll of random uselessness for 13 gold pieces
  5203 | D:5      | Bought a scroll of noise for 13 gold pieces
  5203 | D:5      | Bought a scroll of enchant weapon for 97 gold pieces
  5203 | D:5      | Bought a scroll of noise for 13 gold pieces
  5203 | D:5      | Bought a scroll of identify for 26 gold pieces
  5634 | D:6      | Found a basalt altar of Yredelemnul.
  5677 | D:6      | Reached skill level 5 in Dodging
  6448 | D:6      | Found a shadowy altar of Dithmenos.
  6450 | D:6      | Found a burning altar of Makhleb.
  6702 | D:6      | Reached * piety under Vehumet
  6702 | D:6      | Offered knowledge of Sting by Vehumet.
  6702 | D:6      | Reached skill level 5 in Stealth
  6702 | D:6      | Reached XP level 9. HP: 29/52 MP: 0/16
  7954 | D:8      | Found a flagged portal.
  7973 | D:8      | Noticed Grum
  7985 | Bailey   | Entered a bailey
  8072 | Bailey   | Reached ** piety under Vehumet
  8072 | Bailey   | Offered knowledge of Throw Frost by Vehumet.
  8307 | Bailey   | Slain by an orc warrior

Skill      XL: |  1  2  3  4  5  6  7  8  9 |
---------------+----------------------------+-----
Conjurations   | 2 3 5 7 9 |  9.2
Air Magic      | 5 6 7 9 |  9.3
Spellcasting   | 3 4 |  4.2
Fighting       | 2 4 |  4.0
Dodging        | 4 5 |  5.1
Stealth        | 3 5 |  5.0

Action                   |  1- 3 |  4- 6 |  7- 9 || total
-------------------------+-------+-------+-------++-------
Melee: Dagger            |    14 |    13 |    75 ||   102
       Peck              |     1 |     1 |    17 ||    19
       Kick              |     1 |     3 |    20 ||    24
 Cast: Shock             |    62 |    99 |   197 ||   358
       Swiftness         |     1 |     1 |       ||     2
       Static Discharge  |       |     1 |    34 ||    35
 Abil: Fly               |       |     1 |       ||     1
  Use: Scroll            |       |       |     7 ||     7
 Stab: Sleeping          |       |       |     1 ||     1
  Eat: Chunk             |     3 |     7 |    24 ||    34
       Ration            |       |       |     1 ||     1
Armor: Robe              |     3 |     4 |     4 ||    11
Dodge: Dodged            |    11 |    36 |   134 ||   181
